 Dungeon Crawl Stone Soup version 0.31-a0-640-g39d97e502b (webtiles) character file.

Game seed: 18128210051497455808

131 ytrimaz the Changeling (level 5, -2/49 HPs)
             Began as an Octopode Shapeshifter on Aug 28, 2023.
             Was an Initiate of Okawaru.
             Slain by a sky beast (5 damage)
             ... on level 4 of the Dungeon.
             The game lasted 00:01:57 (2339 turns).

ytrimaz the Changeling (Octopode Shapeshifter)      Turns: 2339, Time: 00:01:57

Health: -2/49      AC: 22    Str: 13    XL:     5   Next: 14%
Magic:  5/5        EV:  2    Int: 12    God:    Okawaru [......]
Gold:   154        SH:  0    Dex: 14    Spells: 4/4 levels left

rFire   . .          .
                       - Unarmed
rCold   . . .        (no shield)
rNeg    . . .        (helmet currently unavailable)
rPois   +            (no amulet)
rElec   .            f - ring of poison resistance
rCorr   +            s - ring of resist corrosion
SInv    .            (no ring)
Will    .....        (no ring)
Stlth   +            (no ring)
HPRegen 0.28/turn    (no ring)
MPRegen 0.09/turn    (no ring)
                     (no ring)

%: no passive effects
@: tree-form
A: stationary, stasis, torment immunity, boosted hp, almost no armour,
(amphibious), 8 rings, (camouflage 1), (gelatinous body 1), (nimble swimmer 1),
(tentacles)
a: Renounce Religion


You were on level 4 of the Dungeon.
You worshipped Okawaru.
Okawaru was noncommittal.
You were a tree.
You visited 1 branch of the dungeon, and saw 4 of its levels.

You collected 154 gold pieces.


Innate Abilities, Weirdness & Mutations

You are a tree.
Your roots penetrate the ground, keeping you stationary.
You cannot be teleported.
You are immune to unholy pain and torment.
Your maximum health is greatly increased.
You cannot wear most types of armour.
((You are amphibious.))
You can wear up to eight rings at the same time.
((Your skin changes colour to match your surroundings (Stealth+).))
((Your rubbery body absorbs attacks. (AC +1, EV +1)))
((You are camouflaged when in or above water. (Stealth+)))
((You have tentacles for arms and can constrict up to eight enemies at once.))


   Skills:
 - Level 1.0 Fighting
 + Level 3.9 Dodging
 - Level 3.0 Unarmed Combat
 + Level 4.3 Shapeshifting


You had 4 spell levels left.
You didn't know any spells.
Your spell library contained the following spells:

 Spells                   Type           Power      Damage    Failure   Level
 Magic Dart               Conj           0%         1d3       32%         1
 Mephitic Cloud           Conj/Pois/Air  0%         N/A       69%         3
 Chain Lightning          Conj/Air       0%         N/A       100%        9
 Fire Storm               Conj/Fire      0%         5d1       100%        9
 Shatter                  Erth           0%         3d5*      100%        9
 Summon Small Mammal      Summ           Unusable   N/A       N/A         1
 Call Imp                 Summ           Unusable   N/A       N/A         2
 Call Canine Familiar     Summ           Unusable   N/A       N/A         3
 Summon Guardian Golem    Hex/Summ       Unusable   N/A       N/A         3

Inventory:

Jewellery
 f - a ring of poison resistance (left branch)
   (You found it on level 1 of the Dungeon)
 q - an amulet of faith
   (You found it on level 2 of the Dungeon)
 s - a ring of resist corrosion (right branch)
   (You found it on level 3 of the Dungeon)
Talismans
 b - a beast talisman
 c - a flux talisman
Scrolls
 d - a scroll of enchant weapon {unknown}
 g - 9 scrolls of identify {unknown}
 h - 3 scrolls of poison {unknown}
 i - a scroll of fog {unknown}
 l - a scroll of revelation {unknown}
 m - 2 scrolls of teleportation {unknown}
 r - 2 scrolls of immolation {unknown}
 t - 2 scrolls of enchant armour {unknown}
 u - a scroll of noise {unknown}
Potions
 a - a potion of lignification
 e - 3 potions of curing {unknown}
 j - 2 potions of haste {unknown}
 k - 5 potions of invisibility {unknown}
 n - a potion of degeneration {unknown}
 o - a potion of magic {unknown}
 p - a potion of enlightenment {unknown}

Dungeon Overview and Level Annotations

Branches:
Dungeon (4/15) Zot: 21665
 Temple: D:4-7

Altars:
Dithmenos
Hepliaklqana
Kikubaaqudgha
Okawaru

#. #............#.
##. #..............
#..##.##......#####
#.#......###### )..
#.#.#..### .##
#######.....## .
#.........### ..
#..$....)####### ..
#......Y♣....... ##
#........#######
#........#
#........#
#........#
#..).....#
##########


You could see a sky beast.


Message History

The ball python grabs you.
The ball python constricts you. 😕 HP[-1]
You take 1 damage, and now have 32/33 hp.
You escape the ball python's grasp.
The ball python barely misses you. The ball python misses you.
You closely miss the ball python. You grab the ball python.
You squeeze the ball python.
You kill the ball python!
Okawaru accepts your kill.
The kobold throws a stone.
The stone closely misses you.
There are monsters nearby!
There are monsters nearby!
The kobold misses you.
There are monsters nearby!
You tentacle-slap the kobold.
You kill the kobold!
Okawaru accepts your kill. 😎 HP[+1]
Your hp is fully restored (33).
The goblin barely misses you.
Items here: $ ( ) †.
You tentacle-slap the goblin.
You kill the goblin!
Okawaru accepts your kill.
Unknown command.
You see here a +0 dagger.
No target in view!
You see here a +0 dagger.
You now have 141 gold pieces (gained 23).
Things that are here:
a +0 short sword; a stone; a kobold corpse You now have 154 gold pieces (gained 13).
A kobold comes into view. It is wielding a +0 dagger.
A kobold is nearby!
A kobold is nearby!
A kobold is nearby!
A kobold is nearby!
The kobold shouts!
A sky beast comes into view.
The sky beast flickers out of sight!
Deactivating autopickup; reactivate with Ctrl-A.
You closely miss the kobold. Your grab misses the kobold.
You tentacle-slap the kobold, but do no damage.
The kobold hits you with a +0 dagger. 😕 HP[-4]
You take 4 damage, and now have 29/33 hp.
You closely miss the kobold. Your grab misses the kobold.
You squeeze the kobold.
You kill the kobold!
Okawaru accepts your kill. 😕 HP[+1] Unknown command.
You see here a +0 dagger.
No target in view!
Something barely misses you.
No target in view!
No target in view!
Something hits you. Something shocks you. 😮 HP[-7]
You take 7 damage, and now have 23/33 hp.
MASSIVE DAMAGE!! (PAUSE)
Something hits you. Something shocks you.
* * * LOW HITPOINT WARNING * * *
😨 HP[-7]
You take 7 damage, and now have 16/33 hp.
MASSIVE DAMAGE!! (PAUSE)
Something hits you.
* * * LOW HITPOINT WARNING * * *
Something shocks you.
* * * LOW HITPOINT WARNING * * *
😱 HP[-9]
You take 9 damage, and now have 7/33 hp.
MASSIVE DAMAGE!! (PAUSE) Unknown command.
Your transformation has ended.
You turn into a tree.
Your roots penetrate the ground.
Something hits you but does no damage. 😱 HP[+4]
You now have 49 max hp (+16).
You regained 4 hp, and now have 11/49 hp.
Unknown command.
You cannot move.
You cannot move.
You cannot move.
Unknown command.
You cannot move.
You miss something.
A sky beast appears from thin air!
Reactivating autopickup.
The sky beast hits you but does no damage.
You barely miss the sky beast. The sky beast hits you.
* * * LOW HITPOINT WARNING * * *
The sky beast shocks you.
* * * LOW HITPOINT WARNING * * *
😱 HP[-7]
You take 7 damage, and now have 4/49 hp.
You hit the sky beast. The sky beast hits you.
* * * LOW HITPOINT WARNING * * *
The sky beast shocks you.
You die...

Skill      XL: |  1  2  3  4 |
---------------+-------------+-----
Dodging        | 3 |  3.9
Shapeshifting  | 4 |  4.3
Fighting       | |  1.0
Unarmed Combat | |  3.0

Action                     |  1- 3 |  4- 6 || total
---------------------------+-------+-------++-------
  Melee: Unarmed           |    36 |    49 ||    85
         Constrict         |    11 |    12 ||    23
         Tentacles         |     7 |    11 ||    18
         Punch             |       |     2 ||     2
    Use: Potion            |       |     1 ||     1
   Stab: Sleeping          |     1 |    10 ||    11
         Distracted        |     1 |       ||     1
 Armour: Skin              |     3 |     4 ||     7
  Dodge: Dodged            |    21 |    27 ||    48

Levels and vault maps discovered:
D:1:      lemuel_arrival_rhombus, layout_loops_corners, minivault_25
D:2:      layout_basic, corexii_corridor_pit
D:3:      layout_basic, grunt_temple_overflow_cloverleaf, minivault_11,
          kennysheep_generic_room_11
D:4:      layout_rooms, serial_shops, shop

Notes
Turn   | Place    | Note
-------+----------+-------------------------------------------
     0 | D:1      | ytrimaz the Octopode Shapeshifter began the quest for the
                  | Orb.
     0 | D:1      | Reached XP level 1. HP: 13/13 MP: 1/1
     0 | D:1      | magus.rc [v1.9.6]
   128 | D:1      | Reached XP level 2. HP: 15/18 MP: 2/2
   919 | D:2      | You pick up a book of Annihilations and begin reading...
   919 | D:2      | You add the spells Chain Lightning, Fire Storm and Shatter
                  | to your library.
   946 | D:2      | HP: 4/18 [hound (1)]
   948 | D:2      | Reached skill level 3 in Dodging
   948 | D:2      | Reached XP level 3. HP: 5/23 MP: 3/3
  1035 | D:2      | You pick up a book of Callings and begin reading...
  1035 | D:2      | You add the spells Summon Small Mammal, Call Canine
                  | Familiar and Summon Guardian Golem to your library.
  1265 | D:2      | Reached XP level 4. HP: 20/28 MP: 4/4
  1543 | D:3      | Reached skill level 4 in Shapeshifting
  1885 | D:3      | Found a hazy altar of Hepliaklqana.
  1888 | D:3      | Found an ancient bone altar of Kikubaaqudgha.
  2100 | D:3      | Found an iron altar of Okawaru.
  2112 | D:3      | Found a shadowy altar of Dithmenos.
  2124 | D:3      | Became a worshipper of Warmaster Okawaru
  2145 | D:4      | Reached XP level 5. HP: 31/33 MP: 5/5
  2243 | D:4      | You pick up a book of Minor Magic and begin reading...
  2243 | D:4      | You add the spells Magic Dart and Mephitic Cloud to your
                  | library.
  2328 | D:4      | Noticed a sky beast
  2335 | D:4      | HP: 7/33 [something (5)]
  2339 | D:4      | HP: 3/49 [sky beast (1)]
  2339 | D:4      | Slain by a sky beast

Vanquished Creatures
  A hound (D:2)
  A jelly (D:4)
  2 adders (D:2)
  3 dart slugs
  An orc (D:3)
  5 ball pythons
  7 bats
  5 endoplasms
  6 goblins
  3 hobgoblins
  A quokka (D:4)
  4 frilled lizards
  4 kobolds
  4 rats
47 creatures vanquished.

Table legend:
 A = Non-vault XP
 B = Vault XP
 C = Vault XP percentage of total XP
 D = Non-vault monster count
 E = Vault monster count
 F = Vault count percentage of total count
                 A         B        C        D         E       F
            +---------+---------+-------+---------+---------+-------
      Total |     183 |       5 |   2.7 |      45 |       2 |   4.3
            +---------+---------+-------+---------+---------+-------
        D:1 |      12 |       0 |   0.0 |       5 |       0 |   0.0
        D:2 |      88 |       0 |   0.0 |      15 |       0 |   0.0
        D:3 |      28 |       5 |  15.2 |      17 |       2 |  10.5
        D:4 |      55 |       0 |   0.0 |       8 |       0 |   0.0
            +---------+---------+-------+---------+---------+-------

Skill      XL: |  1  2  3  4 |
---------------+-------------+-----
Dodging        | 3 |  3.9
Shapeshifting  | 4 |  4.3
Fighting       | |  1.0
Unarmed Combat | |  3.0

Action                     |  1- 3 |  4- 6 || total
---------------------------+-------+-------++-------
  Melee: Unarmed           |    36 |    49 ||    85
         Constrict         |    11 |    12 ||    23
         Tentacles         |     7 |    11 ||    18
         Punch             |       |     2 ||     2
    Use: Potion            |       |     1 ||     1
   Stab: Sleeping          |     1 |    10 ||    11
         Distracted        |     1 |       ||     1
 Armour: Skin              |     3 |     4 ||     7
  Dodge: Dodged            |    21 |    27 ||    48

Illustrated notes

Table legend:
 A = Kills in this place as a percentage of kills in the entire game.
 B = Kills by you in this place as a percentage of kills by you in the entire game.
 C = Kills by friends in this place as a percentage of kills by friends in the entire game.
 D = Other kills in this place as a percentage of other kills in the entire game.
 E = Experience gained in this place as a percentage of experience gained in the entire game.
 F = Experience gained in this place divided by the number of levels of this place that you have seen.
                   A       B       C       D       E      F
               +-------+-------+-------+-------+-------+----------------------
         Total | 100.0 | 100.0 |   N/A |   N/A | 100.0 |  47.0
       Dungeon | 100.0 | 100.0 |   N/A |   N/A | 100.0 |  47.0
               +-------+-------+-------+-------+-------+----------------------

Table legend: (Time is in decaauts)
 A = Elapsed time spent in this place.
 B = Non-inter-level travel time spent in this place.
 C = Inter-level travel time spent in this place.
 D = Time resting spent in this place.
 E = Time spent auto-exploring this place.
 F = Levels seen in this place.
 G = Mean time per level.
                   A        B        C        D        E       F      G
               +--------+--------+--------+--------+--------+-----+--------+
         Total |   2333 |   2266 |     67 |      0 |   1892 |   4 |  583.2 |
       Dungeon |   2333 |   2266 |     67 |      0 |   1892 |   4 |  583.2 |
               +--------+--------+--------+--------+--------+-----+--------+

Top non-repeatable levels by time:
     D:1: 774 daAuts
     D:3: 685 daAuts
     D:2: 675 daAuts
     D:4: 198 daAuts
